 Dungeon Crawl Stone Soup version 0.31.0-11-ge490571c62 (webtiles) character file.

Game seed: 17883200975473875664

5990 qw the Markself (level 10, -2/59 HPs)
             Began as a Deep Elf Hunter on Feb 3, 2024.
             Was a Priest of Okawaru.
             Slain by a yak (8 damage)
             ... on level 10 of the Dungeon.
             The game lasted 00:02:55 (10609 turns).

qw the Markself (Deep Elf Hunter)                  Turns: 10609, Time: 00:02:56

Health: -2/59      AC: 18    Str: 12      XL:     10   Next: 55%
Magic:  15/15      EV: 14    Int: 14 (15) God:    Okawaru [***...]
Gold:   1018       SH:  0    Dex: 18      Spells: 9/9 levels left

rFire   . . .        n - +0 triple crossbow
rCold   . . .        (shield currently unavailable)
rNeg    . . .        c - +3 ring mail {rPois}
rPois   +            b - +2 helmet
rElec   .            (no cloak)
rCorr   .            d - +2 pair of gloves
SInv    .            (no boots)
Will    +....        (no amulet)
Stlth   +            e - +4 ring of protection
HPRegen 0.29/turn    (no ring)
MPRegen 0.14/turn

%: no passive effects
@: about to teleport
A: no striking features
a: Renounce Religion, Heroism


You were on level 10 of the Dungeon.
You worshipped Okawaru.
Okawaru was most pleased with you.
You visited 2 branches of the dungeon, and saw 11 of its levels.
You also visited: Sewer.

You collected 1634 gold pieces.
You spent 616 gold pieces at shops.


   Skills:
 - Level 5.4 Fighting
 + Level 16.2 Ranged Weapons
 - Level 2.6 Armour
 - Level 8.0 Dodging
 - Level 1.2 Stealth
 - Level 4.1 Invocations


You had 9 spell levels left.
You didn't know any spells.
Your spell library was empty.

Inventory:

Hand Weapons
 n - a +0 triple crossbow (weapon)
Armour
 b - a +2 helmet (worn)
 c - a +3 ring mail of poison resistance (worn)
 d - a +2 pair of gloves (worn)
Jewellery
 e - a +4 ring of protection (left hand)
Wands
 g - a wand of digging (1)
 q - a wand of iceblast (9)
Potions
 a - a potion of magic
 h - 2 potions of curing
 i - 2 potions of mutation
 l - a potion of might
 m - a potion of cancellation
 o - 3 potions of resistance
 p - a potion of haste

Dungeon Overview and Level Annotations

Branches:
Dungeon (10/15)            Temple (1/1) D:6           Sewer (visited)
   Lair: D:8-11         Orc: D:9-12

Altars:
Ashenzari
Dithmenos
Elyvilon
Fedhas
Gozag
Hepliaklqana
Kikubaaqudgha
Makhleb
Okawaru
Ru
Sif Muna
Trog
Vehumet
Wu Jian
Xom
Yredelemnul
Zin

Shops:
D:1 :   D:7 *((=   D:9 (

Annotations:
D:1 2 runed translucent doors
D:5 3 runed translucent doors, qw's ghost, amateur DjHu


Message History

The yak barely misses you. x2
You shoot a bolt. The bolt barely misses the yak.
The bolt hits the yak but does no damage.
A shadow comes into view.
You shoot a bolt. The bolt hits the yak!
The yak is heavily wounded.
The yak gores you!
An orc comes into view. It is wielding a +0 whip.
The yak gores you!
An orc priest comes into view. It is wielding a +0 dagger.
The yak gores you!
You shoot a bolt. The orc priest shouts!
The bolt hits the yak!
The yak is almost dead.
The yak gores you but does no damage. The yak closely misses you.
An orc comes into view. It is wielding a +0 flail.
The orc priest invokes the aid of Beogh against you.
Beogh smites you!
You shoot a bolt. The bolt hits the yak!!
You kill the yak!
Okawaru accepts your kill.
An orc warrior comes into view. It is wielding a +0 mace.
You shoot a bolt. The bolt hits the yak.
The yak is lightly wounded.
The yak gores you.
The shadow slips into darkness.
The shadow flickers and vanishes!
Deactivating autopickup; reactivate with Ctrl-A.
The yak gores you but does no damage.
The orc priest miscasts a cantrip.
You shoot a bolt. The bolt barely misses the yak.
The yak gores you! The yak gores you.
10608 ||| READING scroll of teleportation.
As you read the scroll of teleportation, it crumbles to dust.
You feel strangely unstable.
The yak gores you but does no damage. x2
You shoot a bolt. The bolt barely misses the yak.
The yak barely misses you. The yak gores you!
You die...

#####
##.@Y#
#<.7Y.#
##..o.#
#####oo..
#.7. ...
.#. .


You could see 2 yaks, an orc warrior, an orc priest and an orc.

Vanquished Creatures
  Pikel (D:6)
  Jeremiah (D:7)
  Grinder (D:3)
  A wraith (D:9)
  A wyvern (D:9)
  A shadow (D:9)
  4 yaks
  3 water moccasins
  5 black bears
  An orc warrior (D:7)
  A sky beast (D:8)
  2 ogres
  3 centaurs
  3 phantoms
  2 kobold brigands
  Blork the orc (D:6)
  6 bullfrogs
  4 scorpions
  8 wights
  A howler monkey (D:8)
  3 bombardier beetles
  2 hounds
  3 orc priests
  2 jellies
  2 gnoll boudas
  3 sleepcaps
  Jessica (D:3)
  Terence (D:3)
  3 iguanas (D:4)
  10 orc wizards
  13 gnolls
  10 adders
  2 white imps
  11 dart slugs
  2 ribbon worms (D:2)
  35 orcs
  6 bats
  8 endoplasms
  13 giant cockroaches
  3 goblins
  2 hobgoblins
  11 jackals
  3 quokkas
  3 training dummies (D:9)
  12 ball pythons
  11 frilled lizards
  21 kobolds
  6 rats
252 creatures vanquished.

Notes
Turn   | Place    | Note
-------+----------+-------------------------------------------
     0 | D:1      | qw the Deep Elf Hunter began the quest for the Orb.
     0 | D:1      | Reached XP level 1. HP: 12/12 MP: 3/3
     0 | D:1      | 0 ||| qw: Version: 0.3-a-155-g5e7d8dd
     0 | D:1      | 0 ||| qw: Game counter: 3113
     0 | D:1      | 0 ||| qw: Melee chars always use a shield: true
     0 | D:1      | 0 ||| qw: God list: Okawaru
     0 | D:1      | 0 ||| qw: Allow faded altars: false
     0 | D:1      | 0 ||| qw: Do Orc after clearing Dungeon:15 true
     0 | D:1      | 0 ||| qw: Do second Lair branch before Depths: true
     0 | D:1      | 0 ||| qw: Lair rune preference: random
     0 | D:1      | 0 ||| qw: Goals: Normal
     0 | D:1      | 0 ||| PLANNING D:1-11
   111 | D:1      | Found a large runed translucent door.
   111 | D:1      | Found a large runed translucent door.
   115 | D:1      | Noticed an orc wizard
   118 | D:1      | Noticed an orc warrior
   118 | D:1      | Noticed an orc wizard
   188 | D:1      | Reached XP level 2. HP: 16/16 MP: 4/4
   192 | D:1      | Reached skill level 6 in Ranged Weapons
   312 | D:1      | Noticed a walking earthen tome
   314 | D:1      | Found Tiboir's Book Shop.
   315 | D:1      | 315 ||| UPGRADING to +4 ring of protection.
   316 | D:1      | 316 ||| READING scroll labelled QECUANOGEO.
   317 | D:1      | 317 ||| DROPPING scroll of butterflies.
   357 | D:1      | Noticed a walking earthen tome
   650 | D:1      | Reached XP level 3. HP: 16/20 MP: 5/5
   796 | D:1      | 796 ||| UPGRADING to +0 helmet.
   801 | D:1      | 801 ||| DROPPING ring of wizardry.
  1073 | D:2      | Reached skill level 7 in Ranged Weapons
  1544 | D:2      | 1544 ||| DROPPING scarf of harm.
  1545 | D:2      | 1545 ||| UPGRADING to +0 scale mail.
  1555 | D:2      | 1555 ||| DROPPING +0 leather armour.
  1556 | D:2      | 1556 ||| READING scroll labelled ANOETU SITU.
  1559 | D:2      | 1559 ||| READING scroll labelled MEAZAKEHACK.
  1559 | D:2      | 1559 ||| ENCHANTING +0 helmet.
  1560 | D:2      | 1560 ||| DRINKING 2 emerald potions.
  1561 | D:2      | 1561 ||| DRINKING 2 pink potions.
  1562 | D:2      | 1562 ||| DROPPING potion of magic.
  1602 | D:3      | Noticed Terence
  1618 | D:3      | Killed Terence
  1619 | D:3      | Reached XP level 4. HP: 22/25 MP: 6/6
  1652 | D:3      | Noticed Jessica
  1659 | D:3      | 1659 ||| FLEEEEING.
  1660 | D:3      | 1660 ||| FLEEEEING.
  1661 | D:3      | 1661 ||| FLEEEEING.
  1662 | D:3      | 1662 ||| FLEEEEING.
  1669 | D:3      | Killed Jessica
  1670 | D:3      | Reached skill level 8 in Ranged Weapons
  1748 | D:3      | Found a radiant altar of Vehumet.
  2262 | D:3      | Noticed Grinder
  2269 | D:3      | Paralysed by Grinder for 2 turns
  2274 | D:3      | Killed Grinder
  2275 | D:3      | Reached skill level 9 in Ranged Weapons
  2275 | D:3      | Reached XP level 5. HP: 15/29 MP: 7/7
  2275 | D:3      | Reached XP level 6. HP: 18/34 MP: 8/8
  2569 | D:3      | 2569 ||| UPGRADING to +3 ring mail of poison resistance.
  2579 | D:3      | 2579 ||| DROPPING +0 scale mail.
  2580 | D:3      | 2580 ||| DROPPING ring of flight.
  2581 | D:3      | 2581 ||| READING scroll of identify.
  2581 | D:3      | 2581 ||| IDENTIFYING bubbling coppery potion
  2582 | D:3      | 2582 ||| READING scroll labelled DOIVIM NOSO.
  2583 | D:3      | 2583 ||| READING scroll labelled COOT UTA YTOMIM.
  2584 | D:3      | 2584 ||| READING scroll labelled YDAVAPTISIMN.
  2585 | D:3      | 2585 ||| DRINKING 3 dark potions.
  2586 | D:3      | 2586 ||| DROPPING 2 potions of brilliance.
  2609 | D:4      | 2609 ||| PLANNING SEWER
  2794 | D:4      | Reached skill level 10 in Ranged Weapons
  2883 | D:4      | Reached skill level 3 in Dodging
  2976 | D:4      | Reached skill level 1 in Armour
  2976 | D:4      | Reached XP level 7. HP: 34/40 MP: 9/9
  3094 | D:4      | Found a glowing drain.
  3101 | D:4      | 3101 ||| DROPPING amulet of magic regeneration.
  3102 | D:4      | 3102 ||| READING scroll labelled NAIFFI OTUYRODD.
  3158 | D:4      | 3158 ||| FLEEEEING.
  3159 | D:4      | 3159 ||| FLEEEEING.
  3160 | D:4      | 3160 ||| STAIRDANCE
  3218 | D:4      | Reached skill level 11 in Ranged Weapons
  3245 | Sewer    | Entered a sewer
  3789 | Sewer    | 3789 ||| READING scroll labelled QUUT LUDIHUL.
  3789 | Sewer    | 3789 ||| ENCHANTING +0 shortbow.
  3809 | D:4      | 3809 ||| PLANNING D:1-11
  4239 | D:4      | Reached skill level 12 in Ranged Weapons
  4299 | D:4      | Reached XP level 8. HP: 45/45 MP: 10/10
  4578 | D:5      | Entered Level 5 of the Dungeon
  4601 | D:5      | Found an opulent altar of Gozag.
  4767 | D:5      | 4767 ||| READING scroll of enchant armour.
  4767 | D:5      | 4767 ||| ENCHANTING +1 helmet.
  4810 | D:5      | Reached skill level 3 in Fighting
  4830 | D:5      | Found a runed translucent gate.
  4830 | D:5      | Found a runed translucent gate.
  4830 | D:5      | Found a runed translucent gate.
  4832 | D:5      | Noticed qw's ghost (amateur DjHu)
  5276 | D:5      | Found a glowing silver altar of Zin.
  5396 | D:5      | Found a bloodstained altar of Trog.
  5481 | D:5      | 5481 ||| DROPPING +2 hat.
  5482 | D:5      | 5482 ||| READING scroll of identify.
  5482 | D:5      | 5482 ||| IDENTIFYING white potion
  5483 | D:5      | 5483 ||| DROPPING potion of ambrosia.
  5501 | D:6      | Found an ancient bone altar of Kikubaaqudgha.
  5586 | D:6      | Reached skill level 13 in Ranged Weapons
  5608 | D:6      | 5608 ||| RETREEEEATING.
  5670 | D:6      | Noticed Blork the orc
  5685 | D:6      | Killed Blork the orc
  5758 | D:6      | Found a staircase to the Ecumenical Temple.
  5759 | D:6      | 5759 ||| PLANNING TEMPLE
  5759 | D:6      | 5759 ||| READING scroll labelled UFOKUH UH FOM.
  5868 | Temple   | Entered the Ecumenical Temple
  5869 | Temple   | 5869 ||| PLANNING OKAWARU WORSHIP
  5876 | Temple   | Became a worshipper of Warmaster Okawaru
  5877 | Temple   | 5877 ||| PLANNING D:1-11
  5926 | D:6      | Reached skill level 14 in Ranged Weapons
  5931 | D:6      | 5931 ||| FLEEEEING.
  5932 | D:6      | 5932 ||| FLEEEEING.
  5933 | D:6      | 5933 ||| FLEEEEING.
  5934 | D:6      | 5934 ||| FLEEEEING.
  5935 | D:6      | 5935 ||| FLEEEEING.
  5936 | D:6      | 5936 ||| FLEEEEING.
  5937 | D:6      | 5937 ||| FLEEEEING.
  5957 | D:6      | 5957 ||| FLEEEEING.
  5958 | D:6      | 5958 ||| FLEEEEING.
  5959 | D:6      | 5959 ||| FLEEEEING.
  5960 | D:6      | 5960 ||| FLEEEEING.
  5961 | D:6      | 5961 ||| FLEEEEING.
  5962 | D:6      | 5962 ||| FLEEEEING.
  5963 | D:6      | 5963 ||| FLEEEEING.
  5980 | D:6      | 5980 ||| FLEEEEING.
  5981 | D:6      | 5981 ||| FLEEEEING.
  5982 | D:6      | 5982 ||| FLEEEEING.
  5989 | D:6      | 5989 ||| FLEEEEING.
  5993 | D:6      | 5993 ||| FLEEEEING.
  5994 | D:6      | 5994 ||| FLEEEEING.
  5995 | D:6      | 5995 ||| FLEEEEING.
  5996 | D:6      | 5996 ||| FLEEEEING.
  5997 | D:6      | 5997 ||| FLEEEEING.
  6082 | D:6      | Reached XP level 9. HP: 36/51 MP: 11/11
  6458 | D:6      | 6458 ||| READING scroll labelled QADWUT QIVAT.
  6459 | D:6      | 6459 ||| DROPPING wand of flame (29).
  6501 | D:7      | Noticed Pikel
  6502 | D:7      | 6502 ||| RETREEEEATING.
  6503 | D:7      | 6503 ||| RETREEEEATING.
  6504 | D:7      | 6504 ||| RETREEEEATING.
  6505 | D:7      | 6505 ||| RETREEEEATING.
  6506 | D:7      | 6506 ||| RETREEEEATING.
  6507 | D:7      | 6507 ||| RETREEEEATING.
  6513 | D:7      | 6513 ||| RETREEEEATING.
  6515 | D:7      | 6515 ||| RETREEEEATING.
  6516 | D:7      | 6516 ||| RETREEEEATING.
  6517 | D:7      | 6517 ||| RETREEEEATING.
  6517 | D:7      | Noticed Jeremiah
  6518 | D:7      | 6518 ||| RETREEEEATING.
  6519 | D:7      | 6519 ||| DRINKING 2 inky potions.
  6520 | D:7      | 6520 ||| RETREEEEATING.
  6521 | D:7      | 6521 ||| RETREEEEATING.
  6525 | D:7      | Reached skill level 6 in Dodging
  6525 | D:7      | 6525 ||| RETREEEEATING.
  6526 | D:7      | 6526 ||| RETREEEEATING.
  6528 | D:7      | 6528 ||| FLEEEEING.
  6529 | D:7      | 6529 ||| RETREEEEATING.
  6530 | D:7      | 6530 ||| FLEEEEING.
  6531 | D:7      | 6531 ||| FLEEEEING.
  6532 | D:7      | 6532 ||| FLEEEEING.
  6533 | D:7      | 6533 ||| STAIRDANCE
  6540 | D:6      | Reached * piety under Okawaru
  6646 | D:7      | 6646 ||| STAIRDANCE
  6648 | D:6      | 6648 ||| RETREEEEATING.
  6649 | D:6      | 6649 ||| RETREEEEATING.
  6651 | D:6      | 6651 ||| RETREEEEATING.
  6664 | D:6      | Killed Pikel
  6746 | D:7      | 6746 ||| STAIRDANCE
  6753 | D:6      | Reached skill level 3 in Invocations
  6762 | D:7      | 6762 ||| STAIRDANCE
  6860 | D:7      | 6860 ||| STAIRDANCE
  6874 | D:7      | 6874 ||| ZAPPING wand of iceblast (8) at 4,-2 (floor).
  6875 | D:7      | 6875 ||| ZAPPING wand of iceblast (7) at 4,-3 (floor).
  6887 | D:7      | 6887 ||| ZAPPING wand of iceblast (6) at 2,0 (floor).
  6890 | D:7      | 6890 ||| ZAPPING wand of iceblast (5) at 2,1 (Jeremiah;
                  | floor).
  6902 | D:7      | 6902 ||| ZAPPING wand of iceblast (4) at -3,-3 (Jeremiah;
                  | floor).
  6902 | D:7      | Killed Jeremiah
  7021 | D:7      | 7021 ||| RETREEEEATING.
  7022 | D:7      | 7022 ||| RETREEEEATING.
  7023 | D:7      | 7023 ||| RETREEEEATING.
  7024 | D:7      | 7024 ||| RETREEEEATING.
  7025 | D:7      | 7025 ||| RETREEEEATING.
  7026 | D:7      | 7026 ||| RETREEEEATING.
  7027 | D:7      | 7027 ||| RETREEEEATING.
  7043 | D:7      | HP: 9/52 [gnoll bouda/+0 whip (8)]
  7044 | D:7      | 7044 ||| READING 3 scrolls of teleportation.
  7045 | D:7      | 7045 ||| DRINKING potion of heal wounds.
  7046 | D:7      | Reached ** piety under Okawaru
  7050 | D:7      | 7050 ||| FLEEEEING.
  7051 | D:7      | 7051 ||| FLEEEEING.
  7052 | D:7      | 7052 ||| STAIRDANCE
  7218 | D:7      | 7218 ||| SWAPPING to +0 orcbow.
  7219 | D:7      | 7219 ||| DROPPING +1 shortbow.
  7222 | D:7      | Found Imyf's Assorted Antiques.
  7231 | D:7      | 7231 ||| BUYING potion of magic (256 gold).
  7231 | D:7      | Bought a potion of magic for 256 gold pieces
  7231 | D:7      | 7231 ||| BUYING scroll of teleportation (96 gold).
  7231 | D:7      | Bought a scroll of teleportation for 96 gold pieces
  7329 | D:7      | Found Afruckur's Weapon Boutique.
  7370 | D:7      | HP: 12/52 [orc warrior/+0 halberd (8)]
  7371 | D:7      | 7371 ||| READING 3 scrolls of teleportation.
  7377 | D:7      | 7377 ||| READING 2 scrolls of teleportation.
  7379 | D:7      | HP: 6/52 [black bear (3)]
  7381 | D:7      | Found Qehe's Antique Weapon Shop.
  7658 | D:7      | Reached skill level 15 in Ranged Weapons
  7658 | D:7      | Reached XP level 10. HP: 51/58 MP: 15/15
  8351 | D:7      | Found Utuyn's Jewellery Shoppe.
  8359 | D:7      | 8359 ||| SHOPLISTING amulet "Yloac" {Acrobat Will+} (553
                  | gold, have 221).
  8359 | D:7      | 8359 ||| SHOPLISTING amulet of Equivalence {Regen+ Str+5
                  | Dex+4} (726 gold, have 221).
  8359 | D:7      | 8359 ||| SHOPLISTING amulet of guardian spirit (390 gold,
                  | have 221).
  8359 | D:7      | 8359 ||| SHOPLISTING amulet of reflection (390 gold, have
                  | 221).
  8359 | D:7      | 8359 ||| SHOPLISTING amulet of regeneration (390 gold, have
                  | 221).
  8359 | D:7      | 8359 ||| SHOPLISTING ring of ice (325 gold, have 221).
  8359 | D:7      | 8359 ||| SHOPLISTING ring of protection from cold (325
                  | gold, have 221).
  8453 | D:7      | 8453 ||| READING scroll labelled ICKESK OTSOC.
  8453 | D:7      | Identified a scroll of acquirement
  8453 | D:7      | 8453 ||| ACQUIRING 921 gold pieces
  8453 | D:7      | Acquired 921 gold pieces
  8455 | D:7      | 8455 ||| DRINKING 2 fizzy red potions.
  8456 | D:7      | 8456 ||| DRINKING 2 fizzy golden potions.
  8457 | D:7      | 8457 ||| DROPPING potion of degeneration.
  8879 | D:8      | HP: 7/58 [something/puff of flame (8)]
  8883 | D:8      | 8883 ||| READING scroll of teleportation.
  8885 | D:8      | HP: 5/58 [orc wizard/puff of flame (4)]
  9503 | D:8      | 9503 ||| READING scroll of identify.
  9503 | D:8      | 9503 ||| IDENTIFYING silvery potion
  9504 | D:8      | 9504 ||| READING scroll labelled BIKLOLENIOT.
  9576 | D:9      | 9576 ||| RETREEEEATING.
  9577 | D:9      | 9577 ||| RETREEEEATING.
  9578 | D:9      | 9578 ||| RETREEEEATING.
  9579 | D:9      | 9579 ||| RETREEEEATING.
  9580 | D:9      | 9580 ||| RETREEEEATING.
  9586 | D:9      | Reached skill level 16 in Ranged Weapons
  9589 | D:9      | Reached *** piety under Okawaru
 10055 | D:9      | Found a burning altar of Makhleb.
 10220 | D:9      | Found Cexzemow's Firing Range.
 10237 | D:9      | 10237 ||| BUYING +0 longbow (104 gold).
 10237 | D:9      | Bought a +0 longbow for 104 gold pieces
 10237 | D:9      | 10237 ||| BUYING +0 triple crossbow (160 gold).
 10237 | D:9      | Bought a +0 triple crossbow for 160 gold pieces
 10237 | D:9      | 10237 ||| SWAPPING to +0 triple crossbow.
 10238 | D:9      | 10238 ||| DROPPING +0 orcbow.
 10239 | D:9      | 10239 ||| DROPPING +0 longbow.
 10580 | D:9      | 10580 ||| UPGRADING to +2 pair of gloves.
 10585 | D:9      | 10585 ||| READING 2 scrolls of identify.
 10585 | D:9      | 10585 ||| IDENTIFYING fizzy yellow potion
 10586 | D:9      | 10586 ||| READING scroll of identify.
 10586 | D:9      | 10586 ||| IDENTIFYING fizzy puce potion
 10596 | D:10     | Entered Level 10 of the Dungeon
 10600 | D:10     | 10600 ||| RETREEEEATING.
 10607 | D:10     | HP: 8/59 [yak (10)]
 10608 | D:10     | 10608 ||| READING scroll of teleportation.
 10609 | D:10     | Slain by a yak

Levels and vault maps discovered:
D:1:      erik_arrival_cave_to_civilisation [erik_arrival_cave_to_temple],
          layout_loops_ring, serial_shops, nicolae_shop_mannequins,
          minmay_pentomino_x4
D:2:      layout_basic
D:3:      layout_loops_corners, fiery_altar_vehumet, uniq_grinder, uniq_jessica,
          uniq_terence
D:4:      layout_basic, serial_co_window_serial, co_window_of_opportunity_a,
          co_window_paths_b, co_window_paths_a, co_window_cross_1,
          co_window_paths_b, co_window_corner_ca, co_window_unsneaky_path_e,
          co_window_of_opportunity_b, co_window_of_opportunity_c,
          co_window_broadway_c, co_window_sun, co_window_4corner_b,
          glass_columns_a, glass_columns_a, glass_columns_b, glass_columns_a,
          glass_columns_c, gup_sewer_entry_glass
D:5:      layout_loops_ring, pdpol_temple_overflow_zin_treasury_gozag_greed,
          lightli_temple_of_fire, gammafunk_ghost_necromancy,
          kennysheep_generic_room_13
D:6:      layout_basic, amcnicky_altar_gilded, minmay_temple_entry_offerings,
          uniq_blork_the_orc
D:7:      layout_layer_cave, serial_shops, shop, shop, shop_statue, shop,
          uniq_pikel, uniq_jeremiah
D:8:      layout_loops_cross, kennysheep_big_empty_room
D:9:      layout_gridville, bloody_makhleb, nicolae_shop_firing_range
D:10:     layout_roguey, nicolae_overflow_hallway_of_the_gods,
          erik_lair_orcish_takeover, gammafunk_ghost_spectres,
          grunt_ministairs_4, uniq_snorg, uniq_psyche, uniq_maurice,
          uniq_nergalle
Temple:   nicolae_temple_bog_church

Skill      XL: |  1  2  3  4  5  6  7  8  9 10 |
---------------+-------------------------------+-----
Ranged Weapons | 6 7 9 10 12 14 15 16 | 16.2
Fighting       | 2 3 4 5 |  5.4
Dodging        | 3 5 7 8 |  8.0
Armour         | 1 2 |  2.6
Invocations    | 4 |  4.1
Stealth        | |  1.2

Action                     |  1- 3 |  4- 6 |  7- 9 | 10-12 || total
---------------------------+-------+-------+-------+-------++-------
   Fire: Shortbow          |   149 |   137 |   550 |       ||   836
         Orcbow            |       |       |    66 |   211 ||   277
         Triple crossbow   |       |       |       |    14 ||    14
  Evoke: Wand              |       |       |     5 |       ||     5
    Use: Scroll            |     3 |     4 |     9 |     7 ||    23
         Potion            |     2 |     1 |     2 |     2 ||     7
 Armour: Leather armour    |    34 |       |       |       ||    34
         Scale mail        |     6 |    11 |       |       ||    17
         Ring mail         |       |    33 |   322 |    63 ||   418
  Dodge: Dodged            |    48 |    42 |   285 |    40 ||   415

Table legend:
 A = Non-vault XP
 B = Vault XP
 C = Vault XP percentage of total XP
 D = Non-vault monster count
 E = Vault monster count
 F = Vault count percentage of total count
                 A         B        C        D         E       F
            +---------+---------+-------+---------+---------+-------
      Total |    6500 |    2058 |  24.0 |     200 |      52 |  20.6
            +---------+---------+-------+---------+---------+-------
        D:1 |      31 |      10 |  24.4 |      20 |       6 |  23.1
        D:2 |      44 |       0 |   0.0 |      21 |       0 |   0.0
        D:3 |      49 |     335 |  87.2 |      17 |       3 |  15.0
        D:4 |     687 |      42 |   5.8 |      31 |       4 |  11.4
        D:5 |     472 |     122 |  20.5 |      15 |       1 |   6.2
        D:6 |    1098 |     723 |  39.7 |      30 |       2 |   6.2
        D:7 |    1368 |     370 |  21.3 |      27 |       1 |   3.6
        D:8 |    1067 |       0 |   0.0 |      18 |       0 |   0.0
        D:9 |    1684 |       6 |   0.4 |      21 |       3 |  12.5
       D:10 |       0 |     196 | 100.0 |       0 |       1 | 100.0
      Sewer |       0 |     254 | 100.0 |       0 |      31 | 100.0
            +---------+---------+-------+---------+---------+-------
